 Dungeon Crawl Stone Soup version 0.18-a0-731-ga019a5f (webtiles) character file.

734 Duffy the Magician (level 7, -1/40 HPs)
             Began as a Deep Elf Ice Elementalist on Dec 9, 2015.
             Killed from afar by Blork the orc (5 damage)
             ... with a puff of frost
             ... on level 4 of the Dungeon.
             The game lasted 00:06:56 (4165 turns).

Duffy the Magician (Deep Elf Ice Elementalist)      Turns: 4165, Time: 00:06:57

Health: -1/40      AC:  3    Str:  5    XL:     7   Next: 45%
Magic:  5/18       EV: 14    Int: 22    God:
Gold:   146        SH:  0    Dex: 15    Spells: 3 memorised, 10 levels left

rFire  + . .     SeeInvis .     j - +0 blowgun
rCold  + . .     Clarity  .     q - +1 robe {rC+ rF+}
rNeg   . . .     SustAt   .     (no shield)
rPois  .         Gourm    .     (no helmet)
rElec  .         Spirit   .     (no cloak)
rCorr  .         Dismiss  .     (no gloves)
rMut   .         Stasis   .     (no boots)
MR     .....                    (no amulet)
Stlth  ++........               (no ring)
                                (no ring)

@: lethally poisoned (-1 -> -42), not resistant to hostile enchantments,
unstealthy
A: no striking features
a: no special abilities


You were on level 4 of the Dungeon.
You were very hungry.

You visited 1 branch of the dungeon, and saw 4 of its levels.

You collected 146 gold pieces.


   Skills:
 + Level 2.1 Fighting
 + Level 3.7 Dodging
 - Level 2.4 Stealth
 - Level 6.4 Spellcasting
   Level 1.1 Conjurations
 - Level 2.0 Charms
 - Level 5.4 Summonings
 - Level 4.0 Ice Magic


You had 10 spell levels left.
You knew the following spells:

 Your Spells              Type           Power        Failure   Level  Hunger
a - Freeze                Ice            ###.         1%          1    None
l - Summon Ice Beast      Ice/Summ       ####....     14%         4    ###....
w - Ozocubu's Armour      Chrm/Ice       ###.....     10%         3    #......

Inventory:

Hand Weapons
 j - a +0 blowgun (weapon)
Missiles
 k - 9 poisoned needles (quivered)
Armour
 q - a +1 robe of resistance (worn)
Jewellery
 i - an uncursed ring of fire
Wands
 u - a wand of lightning (7)
 v - a wand of frost (24)
Scrolls
 a - a scroll of enchant armour {unknown}
 d - 2 scrolls of amnesia {unknown}
 e - 3 scrolls of identify
 h - a scroll of noise {unknown}
 l - 2 scrolls of teleportation {unknown}
 m - a scroll of magic mapping {unknown}
 n - 2 scrolls of enchant weapon
 s - a scroll of recharging {unknown}
Potions
 o - 3 potions of flight
 r - a potion of cancellation {unknown}
Books
 b - a book of Frost
Comestibles
 c - a bread ration
 f - a beef jerky
 g - 3 meat rations
 t - a slice of pizza

Dungeon Overview and Level Annotations

Branches:
Dungeon (4/15)
 Temple: D:4-7

Altars:
Ashenzari
Ru
Zin
The Shining One

Annotations:
D:3 nublet's ghost, weakling CeFi
D:4 Blork the orc


Message History

Something hits your ice beast.
A puff of frost appears from out of thin air!
The puff of frost hits you! You resist.
Firing (i - inventory):
k - 12 poisoned needles (quivered)
Press: ? - help, Shift-Dir - straight line You shoot a poisoned needle.
Your ice beast closely misses something.
A puff of frost appears from out of thin air!
The puff of frost misses you.
Firing (i - inventory):
k - 11 poisoned needles (quivered)
Press: ? - help, Shift-Dir - straight line You shoot a poisoned needle.
Something completely misses you. Something hits you.
You are poisoned.
You feel sick.
Firing (i - inventory):
k - 10 poisoned needles (quivered)
Press: ? - help, Shift-Dir - straight line You shoot a poisoned needle.
Something hits you.
You are more poisoned.
Something hits you!
You are lethally poisoned!
Cast which spell? (? or * to list)
A chill wind blows around you.
You feel very sick. Something hits you.
You are more poisoned.
You feel sick. Something hits you.
You are more poisoned.
You swap places.
You feel very sick. Something hits your ice beast!
You feel very sick.
A puff of frost appears from out of thin air!
The puff of frost hits you! You resist.
You die...

#############
#########...@.).....######## #
#.......YY########.........# #
#.......### #..######.# #
###.......# ####..######.## #
#.........#######.>.)..........
#
#.#...Y...##......##..#.##.#.##
# #.#...Y...##.#######.......#.#
# #.#.......##.........(..##.#.#
###.>..#.###....######....##.#.#


You could see 2 friendly ice beasts.

Action                   |  1- 3 |  4- 6 |  7- 9 || total
-------------------------+-------+-------+-------++-------
 Fire: Blowgun           |       |    18 |    22 ||    40
 Cast: Freeze            |    57 |    26 |    20 ||   103
       Summon Ice Beast  |       |     3 |    10 ||    13
  Use: Scroll            |       |       |     2 ||     2
 Stab: Sleeping          |       |     3 |     1 ||     4
       Distracted        |       |       |     1 ||     1
  Eat: Chunk             |     3 |     3 |     4 ||    10

Notes
Turn   | Place    | Note
--------------------------------------------------------------
     0 | D:1      | Duffy the Deep Elf Ice Elementalist began the quest for the Orb.
     0 | D:1      | Reached XP level 1. HP: 10/10 MP: 6/6
   498 | D:1      | Reached XP level 2. HP: 15/15 MP: 5/8
  1029 | D:1      | Reached skill level 4 in Ice Magic
  1199 | D:2      | Reached skill level 4 in Spellcasting
  1199 | D:2      | Reached XP level 3. HP: 18/20 MP: 7/10
  1216 | D:2      | Learned a level 3 spell: Ozocubu's Armour
  1475 | D:2      | Reached skill level 1 in Fighting
  1674 | D:2      | Reached skill level 1 in Charms
  1959 | D:2      | Reached XP level 4. HP: 25/25 MP: 10/12
  1968 | D:2      | Learned a level 4 spell: Summon Ice Beast
  2290 | D:3      | Found a sacrificial altar of Ru.
  2301 | D:3      | Noticed nublet's ghost (weakling CeFi)
  2302 | D:3      | Reached skill level 1 in Summonings
  2624 | D:4      | Reached skill level 2 in Charms
  2734 | D:4      | Reached skill level 2 in Summonings
  2734 | D:4      | Reached XP level 5. HP: 29/29 MP: 14/14
  2822 | D:4      | Noticed a slave
  2822 | D:4      | Noticed a slave
  2822 | D:4      | Noticed a slave
  2837 | D:4      | Killed a slave
  2846 | D:4      | Noticed Pikel
  2849 | D:4      | Killed a slave
  2860 | D:4      | Noticed a slave
  2875 | D:4      | Killed Pikel
  2875 | D:4      | Reached skill level 6 in Spellcasting
  2875 | D:4      | Reached skill level 5 in Summonings
  2875 | D:4      | Reached XP level 6. HP: 1/34 MP: 3/17
  2875 | D:4      | Reached XP level 7. HP: 1/38 MP: 3/18
  3346 | D:4      | Reached skill level 3 in Dodging
  3580 | D:4      | Reached skill level 2 in Fighting
  3832 | D:3      | Found a glowing golden altar of the Shining One.
  3832 | D:3      | Found a shattered altar of Ashenzari.
  3972 | D:4      | Found a glowing silver altar of Zin.
  4146 | D:4      | Noticed Blork the orc
  4165 | D:4      | Killed from afar by Blork the orc

Vault maps used:
D:1:      scummos_arrival_checkerplants, serial_bayou_pond_e
D:3:      nicolae_ru_great_annihilating_truth, nicolae_overflow_hidden_temple,
          uniq_iyjb, uniq_grinder, uniq_jessica
D:4:      kennysheep_mini, first_bread, uniq_pikel, uniq_blork_the_orc

Vanquished Creatures
  Pikel
  3 slaves
  An ogre
  A phantom
  2 scorpions
  A hound
  An iguana
  An orc wizard
  3 worker ants
  8 adders
  2 oozes
  2 giant geckos
  3 orcs
  5 giant cockroaches
  A goblin
  13 hobgoblins
  7 jackals
  2 quokkas
  3 bats
  A giant gecko skeleton
  5 giant newts
  9 kobolds
  A quokka skeleton
  7 rats
83 creatures vanquished.
